 Dungeon Crawl Stone Soup version 0.31-a0-441-g867994ef1c (webtiles) character file.

Game seed: 5859044171781243469

1117 horus123 the Placeless Cat (level 8, -2/34 HPs)
             Began as a Felid Ice Elementalist on Aug 3, 2023.
             Was an Elder of Elyvilon.
             Slain by an orc warrior
             ... wielding a +0 mace
              (9 damage)
             ... on level 6 of the Dungeon.
             The game lasted 00:23:10 (7641 turns).

horus123 the Placeless Cat (Felid Ice Elementalist) Turns: 7641, Time: 00:23:11

Health: -2/34      AC:  6    Str:  4    XL:     8   Next: 12%
Magic:  1/13       EV: 17    Int: 23    God:    Elyvilon [****..]
Gold:   376        SH:  0    Dex: 18    Spells: 2/13 levels left
                                        Lives:  0   Deaths: 2

rFire   . . .        (weapon unavailable)
rCold   . . .        (shield unavailable)
rNeg    . . .        (body armour unavailable)
rPois   .            (helmet unavailable)
rElec   .            (cloak unavailable)
rCorr   .            (gloves unavailable)
SInv    +            (boots unavailable)
Will    +....        (no amulet)
Stlth   ++           e - +4 ring of protection
HPRegen 0.25/turn    f - +6 ring of intelligence
MPRegen 0.13/turn

%: no passive effects
@: very slightly contaminated, quick
A: very small, claws 1, fangs 3, see invisible, speed 1, shaggy fur 2, stealthy
paws, no weapons or thrown items, no armour, multi-lived
a: Renounce Religion, Purification, Heal Other, Heal Self


You were on level 6 of the Dungeon.
You worshipped Elyvilon.
Elyvilon was greatly pleased with you.
You visited 1 branch of the dungeon, and saw 6 of its levels.

You collected 376 gold pieces.

Inventory:

Jewellery
 b - a ring of poison resistance
 e - a +4 ring of protection (left paw)
 f - a +6 ring of intelligence (right paw)
 l - a ring of fire
Wands
 o - a wand of flame (39)
 u - a wand of roots (6)
 w - a wand of paralysis (6)
Scrolls
 c - 10 scrolls of identify {unknown}
 g - 2 scrolls of brand weapon {unknown}
 i - a scroll of enchant weapon {unknown}
 j - a scroll of fear {unknown}
 s - a scroll of vulnerability {unknown}
 t - a scroll of blinking {unknown}
 v - a scroll of poison {unknown}
 x - a scroll of amnesia {unknown}
Potions
 a - 2 potions of mutation {unknown}
 d - 2 potions of haste {unknown}
 h - a potion of attraction {unknown}
 k - a potion of cancellation {unknown}
 m - a potion of brilliance {unknown}
 n - 2 potions of experience {unknown}
 p - a potion of resistance {unknown}
 q - a potion of ambrosia {unknown}
 r - 3 potions of curing {unknown}


   Skills:
 + Level 3.0 Fighting
 - Level 2.6 Dodging
 - Level 2.6 Stealth
 - Level 3.1 Spellcasting
 - Level 5.1 Conjurations
 - Level 8.1 Translocations
 - Level 4.1 Ice Magic
 - Level 4.1 Air Magic


You had 2 spell levels left.
You knew the following spells:

 Your Spells              Type           Power      Damage    Failure   Level
a - Freeze                Ice            88%        1d9       1%          1
b - Vhi's Electric Charg  Tloc/Air       62%        N/A       2%          3
c - Frozen Ramparts       Ice            44%        1d7       6%          3
d - Iskenderun's Mystic   Conj/Tloc      34%        2d8       8%          4

Your spell library contained the following spells:

 Spells                   Type           Power      Damage    Failure   Level
 Ozocubu's Armour         Ice            22%        N/A       6%          3
 Volatile Blastmotes      Fire/Tloc      44%        2d13      6%          3
 Fulminant Prism          Conj/Hex       7%         3d7       36%         4
 Summon Ice Beast         Ice/Summ       13%        N/A       43%         4
 Arcjolt                  Conj/Air       12%        1d22      43%         5
 Fireball                 Conj/Fire      7%         3d5       73%         5
 Cause Fear               Hex            1%         N/A       75%         4
 Plasma Beam              Fire/Air       6%         2x1d17    100%        6
 Dragon's Call            Summ           1%         N/A       100%        9


Dungeon Overview and Level Annotations

Branches:
Dungeon (6/15)             Temple (0/1) D:6

Altars:
Dithmenos
Elyvilon
Kikubaaqudgha


Innate Abilities, Weirdness & Mutations

You have sharp claws.
You have razor-sharp teeth.
You have supernaturally acute eyesight. (SInv)
You cover ground quickly. (Speed+)
You are covered in thick fur. (AC +2)
Your paws help you pounce on unaware monsters.
You are incapable of wielding weapons or throwing items.
You cannot wear armour.
You gain extra lives every three experience levels.


Message History

You are too injured to fight recklessly!
Unknown command.
Casting: Freeze (safe; 1% risk of failure)
Confirm with . or Enter, or press ? or * to list all spells.
The spell is quite dangerous to miscast (8% risk of failure)!
Continue anyway?
You miscast Iskenderun's Mystic Blast.
Nothing appears to happen.
The orc warrior closely misses you.
The orc priest hits you with a +0 dagger.
* * * LOW HITPOINT WARNING * * *
Unknown command.
Casting: Iskenderun's Mystic Blast (quite dangerous; 8% risk of failure)
Confirm with . or Enter, or press ? or * to list all spells.
The spell is quite dangerous to miscast (8% risk of failure)!
Continue anyway?
You erupt in a blast of force!
The mystic blast hits the adder.
The adder is heavily wounded.
The adder is knocked back by the mystic blast.
The adder slams into the rock wall!
You kill the adder!
The mystic blast hits the orc warrior!
The orc warrior is heavily wounded.
The orc warrior is knocked back by the mystic blast.
The orc warrior slams into the rock wall!
The orc warrior is severely wounded.
The mystic blast hits the orc priest!
The orc priest is severely wounded.
The orc priest is knocked back by the mystic blast.
The orc priest slams into the rock wall!
You kill the orc priest!
You hear a shout!
An orc comes into view. It is wielding a +0 whip.
An orc comes into view. It is wielding a +0 heavy mace.
Your Fighting skill increases to level 3!
Unknown command.
Aiming: Freeze (safe; 1% risk of failure)
Press: ? - help, Q - select action, (/) - cycle Shift-Dir - straight line, f - orc warrior
Aim: an orc warrior, wielding a +0 mace and wearing a +0 chain mail (severely wounded)
You freeze the orc warrior.
The orc warrior is severely wounded.
The orc warrior hits you with a +0 mace!
You die...

### #.# .. #.# ## >.
#.##.#. .# . #..#.##.#
..#.# #?#)##.#.....#.
#...........o#
##..####o###.#
##........).#####.
#.....##o@.......
#.##.............
########.######.########
..............#)#
########.####.#)# #.#
#..).# #.######.###
########.........^#####
...........####........


You could see an orc warrior and 2 orcs.

Vanquished Creatures
  A steam dragon (D:5)
  Menkaure (D:4)
  A water moccasin (D:6)
  An orc warrior (D:6)
  An ice beast (D:6)
  An ogre (D:4)
  A phantom (D:6)
  2 scorpions (D:5)
  2 bullfrogs (D:6)
  Crazy Yiuf (D:3)
  A jelly (D:5)
  An orc priest (D:6)
  2 hounds
  3 iguanas
  An orc wizard (D:6)
  12 gnolls
  6 adders
  A white imp (D:5)
  An ufetubus (D:5)
  A worm (D:2)
  4 dart slugs
  15 orcs
  13 endoplasms
  4 giant cockroaches
  16 goblins
  8 hobgoblins
  7 jackals
  8 kobolds
  6 quokkas
  6 ball pythons
  5 bats
  6 frilled lizards
  6 rats
145 creatures vanquished.

Notes
Turn   | Place    | Note
-------+----------+-------------------------------------------
     0 | D:1      | horus123 the Felid Ice Elementalist began the quest for the
                  | Orb.
     0 | D:1      | Reached XP level 1. HP: 7/7 MP: 4/4
    13 | D:1      | Found a faded altar of an unknown god.
    27 | D:1      | Prayed at the altar of an unknown god.
    27 | D:1      | Became a worshipper of Elyvilon the Healer
    27 | D:1      | Reached * piety under Elyvilon
   312 | D:1      | Reached XP level 2. HP: 11/11 MP: 4/6
   758 | D:1      | Reached ** piety under Elyvilon
   928 | D:2      | Reached XP level 3. HP: 14/14 MP: 6/8
  1140 | D:2      | Learned a level 3 spell: Vhi's Electric Charge
  1314 | D:1      | Reached skill level 1 in Translocations
  1358 | D:2      | Reached skill level 2 in Translocations
  1360 | D:2      | Reached XP level 4. HP: 15/18 MP: 2/9
  1434 | D:2      | Reached skill level 3 in Translocations
  1926 | D:2      | Reached skill level 4 in Translocations
  2414 | D:3      | Reached XP level 5. HP: 21/21 MP: 5/10
  2420 | D:3      | Reached skill level 5 in Translocations
  2844 | D:3      | Reached skill level 6 in Translocations
  3042 | D:3      | Reached *** piety under Elyvilon
  3133 | D:2      | Learned a level 3 spell: Frozen Ramparts
  3244 | D:3      | Reached skill level 1 in Air Magic
  3517 | D:3      | Found a runed translucent door.
  3518 | D:3      | Noticed Crazy Yiuf
  3528 | D:3      | Killed Crazy Yiuf
  3701 | D:3      | Identified the +8 hammer "Mangint" {venom, rC+ Str+2}
  3815 | D:3      | Gained mutation: You are covered in thick fur. (AC +2)
                  | [Felid growth]
  3815 | D:3      | Reached XP level 6. HP: 24/24 MP: 7/11
  3909 | D:4      | Noticed Menkaure
  4200 | D:4      | Killed Menkaure
  4331 | D:4      | Found a shadowy altar of Dithmenos.
  4738 | D:4      | Reached XP level 7. HP: 27/27 MP: 7/12
  5225 | D:4      | Learned a level 4 spell: Iskenderun's Mystic Blast
  5251 | D:5      | Entered Level 5 of the Dungeon
  5359 | D:5      | Elyvilon protects you from harm!
  5363 | D:5      | Killed from afar by a white imp
  5364 | D:5      | Reached XP level 6. HP: 0/24 MP: 7/11
  5396 | D:5      | Reached **** piety under Elyvilon
  5405 | D:5      | HP: 1/24 [hound (1)]
  5408 | D:5      | Slain by a hound
  5409 | D:5      | Reached XP level 5. HP: 0/21 MP: 10/10
  5535 | D:5      | Reached skill level 1 in Conjurations
  5798 | D:5      | Reached XP level 6. HP: 22/24 MP: 1/11
  5939 | D:5      | Noticed a steam dragon
  5943 | D:5      | Found an ancient bone altar of Kikubaaqudgha.
  5949 | D:5      | Killed a steam dragon
  6436 | D:6      | Reached XP level 7. HP: 27/27 MP: 7/12
  6999 | D:6      | Reached skill level 5 in Conjurations
  7000 | D:6      | Reached skill level 7 in Translocations
  7221 | D:6      | Reached skill level 8 in Translocations
  7359 | D:6      | Reached skill level 1 in Fighting
  7359 | D:6      | Reached XP level 8. HP: 21/33 MP: 6/13
  7636 | D:6      | Found a staircase to the Ecumenical Temple.
  7641 | D:6      | Slain by an orc warrior

Illustrated notes

Levels and vault maps discovered:
D:1:      lemuel_arrival_behind_the_door_large, layout_basic,
          ebering_ecumenical_altar_webs, minmay_misc_feat_rugged,
          minmay_statues_item
D:2:      layout_basic
D:3:      layout_basic, amethyst_killhole, uniq_crazy_yiuf_cottage
D:4:      layout_rooms, nicolae_dithmenos_through_a_glass_darkly,
          dreamdust_princess_bridge, minmay_pentangle, uniq_menkaure
D:5:      layout_loops_cross, mainiacjoe_overflow_boulevard,
          serial_park_tiny_pond, minmay_increasing_density
D:6:      corexii_shack_village, layout_basic, minitemple,
          minmay_temple_entry_from_below_a, st_stairs_10

Skill      XL: |  1  2  3  4  5  6  7  8 |
---------------+-------------------------+-----
Spellcasting   | 3 |  3.1
Ice Magic      | 4 |  4.1
Translocations | 2 4 6 8 |  8.1
Air Magic      | 1 4 |  4.1
Conjurations   | 2 4 5 |  5.1
Fighting       | 1 3 |  3.0
Dodging        | |  2.6
Stealth        | |  2.6

Action                     |  1- 3 |  4- 6 |  7- 9 || total
---------------------------+-------+-------+-------++-------
  Melee: Unarmed           |    15 |    29 |    61 ||   105
         Bite              |     2 |     3 |     7 ||    12
         Punch             |       |     1 |     2 ||     3
   Cast: Freeze            |    56 |   161 |    34 ||   251
         Vhi's Electric Ch |       |    13 |    11 ||    24
         Frozen Ramparts   |       |     9 |     6 ||    15
         Iskenderun's Myst |       |       |     3 ||     3
  Evoke: Wand              |       |       |     1 ||     1
    Use: Potion            |       |     1 |       ||     1
   Stab: Sleeping          |     1 |       |       ||     1
 Armour: Skin              |    13 |    31 |    20 ||    64
  Dodge: Dodged            |    51 |   125 |    64 ||   240

Table legend: (Time is in decaauts)
 A = Elapsed time spent in this place.
 B = Non-inter-level travel time spent in this place.
 C = Inter-level travel time spent in this place.
 D = Time resting spent in this place.
 E = Time spent auto-exploring this place.
 F = Levels seen in this place.
 G = Mean time per level.
                   A        B        C        D        E       F      G
               +--------+--------+--------+--------+--------+-----+--------+
         Total |   6887 |   6757 |    130 |   1775 |   3715 |   6 | 1147.8 |
       Dungeon |   6887 |   6757 |    130 |   1775 |   3715 |   6 | 1147.8 |
               +--------+--------+--------+--------+--------+-----+--------+

Top non-repeatable levels by time:
     D:2: 1447 daAuts
     D:3: 1438 daAuts
     D:5: 1323 daAuts
     D:4: 910 daAuts
     D:1: 907 daAuts
     D:6: 859 daAuts
